 Dungeon Crawl Stone Soup version 0.29.1-13-g9f3cf754e1 (webtiles) character file.

Game seed: 16364798117559411468

658 cheesebisquit the Digger (level 7, -10/36 HPs)
             Began as a Gargoyle Earth Elementalist on Jan 20, 2023.
             Killed by divine providence
             ... invoked by an orc priest
              (15 damage)
             ... on level 4 of the Dungeon.
             The game lasted 00:15:33 (3270 turns).

cheesebisquit the Digger (GrEE)                     Turns: 3270, Time: 00:15:33

Health: -10/36     AC: 10    Str: 12    XL:     7   Next: 55%
Magic:  21/23      EV: 12    Int: 17    God:
Gold:   171        SH:  0    Dex: 10    Spells: 11/15 levels left

rFire   . . .      SeeInvis .   C - +0 morningstar
rCold   . . .      Faith    .   (no shield)
rNeg    + . .      Spirit   .   a - +0 robe
rPois   ∞          Reflect  .   (no helmet)
rElec   +          Harm     .   (no cloak)
rCorr   .          Rampage  .   (no gloves)
Will    .....                   (no boots)
Stlth   ++........              (no amulet)
HPRegen 0.12/turn               b - ring of magical power
MPRegen 0.18/turn               u - +4 ring of protection

@: no status effects
A: sickness immunity, AC +4, negative energy resistance 1, electricity
resistance, torment resistance 1, petrification resistance
a: no special abilities


You were on level 4 of the Dungeon.
You visited 1 branch of the dungeon, and saw 4 of its levels.

You collected 171 gold pieces.

Inventory:

Hand Weapons
 C - a +0 morningstar (weapon)
Missiles
 j - 5 poisoned darts
 p - 30 stones
Armour
 a - a +0 robe (worn)
Jewellery
 b - a ring of magical power (left hand)
 h - a ring of protection from fire
 u - a +4 ring of protection (right hand)
 x - an amulet of regeneration
 y - a ring of protection from fire
Wands
 r - a wand of quicksilver (4)
Scrolls
 d - a scroll of teleportation {unknown}
 e - a scroll of torment {unknown}
 f - a scroll of noise {unknown}
 k - a scroll of acquirement {unknown}
 m - a scroll of blinking {unknown}
 q - a scroll of amnesia {unknown}
 z - a scroll of fog {unknown}
 A - a scroll of fear {unknown}
 B - a scroll of identify
Potions
 c - a potion of flight {unknown}
 g - 3 potions of haste
 i - a potion of lignification {unknown}
 l - 2 potions of heal wounds
 n - 2 potions of cancellation
 o - a potion of mutation {unknown}
 s - 2 potions of attraction
 v - 2 potions of magic
 w - a potion of curing {unknown}


   Skills:
 - Level 1.7 Dodging
 - Level 2.4 Stealth
 + Level 4.8 Spellcasting
 + Level 3.6 Conjurations
 - Level 1.0 Transmutations
 + Level 6.9 Earth Magic


You had 11 spell levels left.
You knew the following spells:

 Your Spells              Type           Power      Damage    Failure   Level
a - Sandblast             Erth           54%        2d13      1%          1
b - Stone Arrow           Conj/Erth      44%        3d9       4%          3

Your spell library contained the following spells:

 Spells                   Type           Power      Damage    Failure   Level
 Passwall                 Tmut/Erth      14%        N/A       4%          2
 Freeze                   Ice            16%        1d4       14%         1
 Petrify                  Tmut/Erth      17%        N/A       28%         4
 Frozen Ramparts          Ice            8%         1d2       41%         3
 Hailstorm                Conj/Ice       10%        3d5       56%         4


Dungeon Overview and Level Annotations

Branches:
Dungeon (4/15)             Temple (0/1) D:4

Altars:
Nemelex Xobeh
Xom


Innate Abilities, Weirdness & Mutations

You are immune to sickness and miasma.
Your stone body is resilient. (AC +4)
You are immune to poison.
You resist negative energy. (rN+)
You are resistant to electric shocks. (rElec)
You are resistant to unholy torment.
You are immune to petrification.


Message History

You kill the ball python!
Found a staircase to the Ecumenical Temple.
An orc comes into view. It is wielding a +0 dagger.
You see here a scroll labelled WIFUACL RANT.
d - a scroll labelled WIFUACL RANT An orc priest comes into view.
It is wielding a +0 hand axe.
The orc shouts!
The orc priest shouts!
You hear a shout!
An orc wizard comes into view. It is wielding a +0 dagger.
The blast of sand hits the orc!
You kill the orc!
The orc wizard shouts!
An orc comes into view. It is wielding a +0 club.
The orc wizard gestures at you while chanting.
The puff of flame hits you!
The blast of sand hits the orc wizard.
The orc wizard is lightly wounded.
A kobold comes into view. It is wielding a +0 short sword.
Aiming: Sandblast (safe; 1% risk of failure)
Press: ? - help, Q - select action, (/) - cycle Shift-Dir - straight line, f/p - orc wizard
Aim: an orc wizard, wielding a +0 dagger and wearing a +0 robe (lightly wounded, 79% to hit)
The blast of sand misses the orc wizard.
The kobold throws a stone.
The stone barely misses you.
The orc wizard points at you and mumbles some strange words.
You resist with some effort. The orc wizard casts a spell at you.
The puff of flame hits you!
The orc priest looks satisfied for a moment.
The orc priest mumbles some strange prayers to Beogh against you.
Beogh smites you!
* * * LOW HITPOINT WARNING * * *
Okay, then.
You are too injured to fight recklessly!
Aiming: Sandblast (safe; 1% risk of failure)
Press: ? - help, Q - select action, (/) - cycle Shift-Dir - straight line, f - kobold
Aim: a kobold, wielding a +0 short sword and quivering stones (79% to hit)
The blast of sand hits the kobold.
You kill the kobold!
The orc priest mumbles some strange prayers to Beogh against you.
Beogh smites you!
You die...

.........####.# .#.#.###.#
..............# #.#.#..o#
#.~~...#.....# #.#.#.>.#
...~~~~....8.######.#.#...#
.P~~~≈.#......##...#.#o###.#
#.~~.~.........).#.#..#...#
#.............†.##..#).###..#
..#...##........##...##...#
..
###....#.#.###..@......###...
##...#...# ##...###### #
###.##... #...# ............#
#########...# #...# #...#
#...# #...#


You could see an orc priest.

Vanquished Creatures
  A phantom (D:4)
  A scorpion (D:4)
  A water moccasin skeleton (D:4)
  A howler monkey (D:4)
  A centaur zombie (D:4)
  A bullfrog zombie (D:4)
  An iguana (D:4)
  3 scorpion zombies (D:4)
  2 orc wizards (D:4)
  A hound zombie (D:4)
  A hound skeleton (D:4)
  A howler monkey zombie (D:4)
  4 gnolls
  4 adders
  An ufetubus (D:4)
  An adder skeleton (D:4)
  2 adder zombies (D:4)
  2 worms (D:4)
  5 dart slugs
  5 orcs
  11 ball pythons
  4 bats
  3 endoplasms
  3 giant cockroaches
  6 goblins
  5 hobgoblins
  10 kobolds
  5 quokkas
  6 frilled lizards
  A jackal zombie (D:4)
  4 rats
97 creatures vanquished.

Vanquished Creatures (others)
  A withered plant (D:4)
1 creature vanquished.

Grand Total: 98 creatures vanquished

Notes
Turn   | Place    | Note
-------+----------+-------------------------------------------
     0 | D:1      | cheesebisquit the Gargoyle Earth Elementalist began the
                  | quest for the Orb.
     0 | D:1      | Reached XP level 1. HP: 10/10 MP: 3/3
    89 | D:1      | Reached skill level 1 in Transmutations
    89 | D:1      | Reached XP level 2. HP: 10/15 MP: 1/5
   474 | D:1      | Reached skill level 4 in Earth Magic
   477 | D:1      | Reached XP level 3. HP: 9/19 MP: 4/6
  1445 | D:2      | Reached XP level 4. HP: 24/24 MP: 8/8
  1740 | D:2      | Learned a level 3 spell: Stone Arrow
  2003 | D:3      | Found a shimmering altar of Xom.
  2208 | D:3      | Reached skill level 5 in Earth Magic
  2383 | D:3      | Found a sparkling altar of Nemelex Xobeh.
  2594 | D:4      | Reached XP level 5. HP: 28/28 MP: 10/10
  2670 | D:4      | Reached skill level 1 in Conjurations
  2670 | D:4      | Reached XP level 6. HP: 32/32 MP: 11/11
  2860 | D:4      | Reached skill level 6 in Earth Magic
  2997 | D:4      | Reached XP level 7. HP: 35/36 MP: 13/13
  3252 | D:4      | Found a staircase to the Ecumenical Temple.
  3270 | D:4      | Killed from afar by an orc priest

Illustrated notes

Levels and vault maps discovered:
D:1:      lightli_arrival_statuegarden, layout_rooms, skrybe_limestone_x
D:2:      layout_loops_cross, chequers_serial_rivers_small_b, minmay_3d_cube
D:3:      layout_loops_ring, mainiacjoe_overflow_small_starburst,
          mainiacjoe_overflow_tiny_flanked, minmay_fountain_box
D:4:      layout_rooms, minmay_temple_entry_steel_oval, serial_undead,
          serial_undead_d, serial_undead_c, serial_undead_f, serial_undead_d,
          serial_undead_d, serial_undead_c, serial_undead_f,
          minmay_misc_feat_five, minmay_misc_feat_tiny, minmay_puff

Skill      XL: |  1  2  3  4  5  6  7 |
---------------+----------------------+-----
Transmutations | 1 |  1.0
Earth Magic    | 4 5 6 |  6.9
Spellcasting   | 3 4 |  4.8
Conjurations   | 1 2 3 |  3.6
Dodging        | |  1.7
Stealth        | |  2.4

Action                   |  1- 3 |  4- 6 |  7- 9 || total
-------------------------+-------+-------+-------++-------
Melee: Mace              |    18 |     1 |       ||    19
       Punch             |     1 |       |       ||     1
       War axe           |       |     3 |     1 ||     4
Throw: Stone             |    19 |       |       ||    19
       Dart              |     4 |       |       ||     4
 Cast: Sandblast         |    46 |    86 |    36 ||   168
  Use: Potion            |     1 |       |       ||     1
       Scroll            |       |     4 |       ||     4
Armor: Robe              |     8 |    14 |     7 ||    29
Dodge: Dodged            |    26 |    18 |    14 ||    58
